 Dungeon Crawl Stone Soup version 0.27-a0-1078-g0d77da13b5 (webtiles) character file.

Game seed: 10843287313737693534

70 Gaff the Magician (level 4, 0/32 HPs)
             Began as a Djinni Summoner on Apr 25, 2021.
             Was a Plaything of Xom.
             Shot with a stone by a goblin (7 damage)
             ... on level 3 of the Dungeon.
             The game lasted 00:08:43 (3975 turns).

Gaff the Magician (Djinni Summoner)                 Turns: 3975, Time: 00:08:44

Health: 0/32       AC:  3    Str:  7    XL:     4   Next: 22%
Gold:   72         EV: 13    Int: 17    God:    Xom [...*..] SH:  0 Dex: 14

rFire    + + +     SeeInvis .   j - +1 dagger (drain)
rCold    . . .     Faith    .   (no shield)
rNeg     + . .     Spirit   +   a - +0 robe
rPois    ∞         Reflect  .   (no helmet)
rElec    .         Harm     .   g - scarf {rC+ rF+}
rCorr    .         Rampage  .   e - +0 pair of gloves
Will     .....                  (boots unavailable)
Stlth    ++........             o - amulet of guardian spirit
HPRegen  0.10/turn              k - ring of positive energy
MPRegen  0.00/turn              n - ring of magical power

@: flying, very slightly contaminated
A: fire resistance 2, cold vulnerability 1, float, innate caster, hp casting,
extra vitality 1
a: Renounce Religion


You were on level 3 of the Dungeon.
You worshipped Xom.
You were a favourite toy of Xom.
You visited 1 branch of the dungeon, and saw 3 of its levels.

You collected 72 gold pieces.

Inventory:

Hand Weapons
 b - a +0 hand axe
 d - a +0 short sword
 j - a +1 dagger of draining (weapon)
Armour
 a - a +0 robe (worn)
 e - a +0 pair of gloves (worn)
 g - a scarf of resistance (worn)
Jewellery
 k - a ring of positive energy (left hand)
 n - a ring of magical power (right hand)
 o - an amulet of guardian spirit (around neck)
Scrolls
 c - a scroll of silence {unknown}
 l - a scroll of amnesia {unknown}
 m - a scroll of identify {unknown}
Potions
 f - 2 potions of heal wounds {unknown}
 h - a potion of degeneration {unknown}
Miscellaneous
 i - a lightning rod (inert)


   Skills:
 + Level 1.4 Fighting
 + Level 1.3 Armour
 + Level 2.9 Dodging
 - Level 1.5 Stealth
 * Level 4.1 Spellcasting


You couldn't memorise any spells.
You knew the following spells:

 Your Spells              Type           Power      Damage    Failure   Level
a - Summon Small Mammal   Summ           68%        N/A       2%          1
b - Call Imp              Summ           17%        N/A       4%          2
c - Call Canine Familiar  Summ           17%        N/A       9%          3
d - Summon Guardian Gole  Hex/Summ       17%        N/A       9%          3
e - Summon Lightning Spi  Summ/Air       17%        N/A       28%         4
f - Summon Ice Beast      Ice/Summ       17%        N/A       28%         4
g - Freeze                Ice            68%        1d8       2%          1
Your spell library was empty.

Dungeon Overview and Level Annotations

Branches:
Dungeon (3/15)

Altars:
Elyvilon
Xom
Zin

Shops:
D:1 =   D:3 *

Annotations:
D:3 Ijyb


Innate Abilities, Weirdness & Mutations

You are immune to poison.
Your flesh is very heat resistant. (rF++)
You are vulnerable to cold. (rC-)
You float through the air rather than walking.
You learn spells naturally, not from books.
Your magical power is your life essence.
You have superior vitality. (+4 HP)


Message History

Aim: a nameless horror (durably summoned)
The thunderbolt hits the nameless horror.
The nameless horror is lightly damaged.
The nameless horror hits you.
Casting: Summon Lightning Spire (extremely dangerous; 28% risk of failure)
Confirm with . or Enter, or press ? or * to list all spells.
You don't know that spell.
Unknown command.
Aiming: Thunderbolt
Press: ? - help, Shift-Dir - straight line, f/p - nameless horror
Aim: a nameless horror (lightly damaged, durably summoned)
The thunderbolt hits the nameless horror!!
The nameless horror is almost destroyed.
The nameless horror hits you!
* * * LOW HITPOINT WARNING * * *
Aiming: Thunderbolt
Press: ? - help, Shift-Dir - straight line, f/p - nameless horror
Aim: a nameless horror (almost destroyed, durably summoned)
The thunderbolt hits the nameless horror!!
You destroy the nameless horror!
That felt strangely unrewarding.
The lightning rod overheats!
Ijyb zaps a wand.
The puff of flame misses you.
Okay, then.
Okay, then.
Okay, then.
Casting: Summon Lightning Spire (extremely dangerous; 28% risk of failure)
Confirm with . or Enter, or press ? or * to list all spells.
The spell is quite dangerous to cast (9% risk of failure)!
Continue anyway?
A guardian golem appears, shielding your allies.
* * * LOW HITPOINT WARNING * * *
Ijyb hits your guardian golem with a +0 dagger.
The goblin unwields a +0 dagger.
The goblin wields a +0 hunting sling.
The goblin shoots a stone.
The stone hits you.
* * * LOW HITPOINT WARNING * * *
Ijyb zaps a wand.
The puff of flame hits your guardian golem.
Your guardian golem resists.
The goblin shoots a stone.
The stone hits you!
You die...
Xom giggles madly!

##### ..# #...# #####..# #...#
#......## #...######## ....#..
#...'......# .....# #...######.##
#...# #...(#...#..# #..g#
#....#.#.##.####.8.#
####.#.#..).....@..####
###.#.#..###.......g....
#...#...##.##......+....
#.###.#.#.5.#......# ###
##.###.#..###...##########
.......#.#...#..# ......########
###.##.#.##.##..# ..............
..#.##.#..#.#...###..............
#.#.##>....#......'..............


You could see Ijyb (ally target), a goblin and a friendly guardian golem
(summoned).

Vanquished Creatures
  A nameless horror (D:3)
  An adder (D:2)
  A worm (D:3)
  6 ball pythons
  5 endoplasms
  4 giant cockroaches
  4 goblins
  3 hobgoblins
  3 kobolds
  3 bats
  2 frilled lizards (D:3)
  3 rats
36 creatures vanquished.

Vanquished Creatures (collateral kills)
  An adder (D:2)
  A dart slug (D:2)
  2 ball pythons
  An endoplasm (D:1)
  3 hobgoblins
  3 jackals (D:1)
  2 quokkas (D:2)
  3 bats
  2 frilled lizards (D:2)
  2 goblins
  A kobold (D:1)
  A rat (D:1)
22 creatures vanquished.

Grand Total: 58 creatures vanquished

Notes
Turn   | Place    | Note
-------+----------+-------------------------------------------
     0 | D:1      | Gaff the Djinni Summoner began the quest for the Orb.
     0 | D:1      | Reached XP level 1. HP: 15/15 MP: 0/0
   827 | D:1      | Reached XP level 2. HP: 21/22 MP: 0/0
  1114 | D:1      | Found a faded altar of an unknown god.
  1122 | D:1      | Became a worshipper of Xom of Chaos
  1531 | D:1      | XOM: silly message
  1542 | D:1      | XOM: silly message
  1961 | D:1      | Found Roezapsa's Jewellery Emporium.
  1979 | D:1      | XOM: silly message
  2009 | D:1      | XOM: silly message
  2022 | D:1      | XOM: smoke on damage
  2031 | D:1      | Reached XP level 3. HP: 10/26 MP: 0/0
  2031 | D:1      | Learned a level 1 spell: Freeze
  2654 | D:2      | Reached skill level 1 in Armour
  2705 | D:2      | Reached skill level 1 in Fighting
  2947 | D:2      | Reached skill level 4 in Spellcasting
  3044 | D:2      | XOM: god gift: lightning rod (4/4)
  3319 | D:2      | Reached XP level 4. HP: 30/32 MP: 0/0
  3586 | D:3      | Found a white marble altar of Elyvilon.
  3702 | D:3      | Found Zin's Purification Station.
  3704 | D:3      | Found a glowing silver altar of Zin.
  3881 | D:3      | XOM: silly message
  3965 | D:3      | Noticed Ijyb
  3967 | D:3      | Noticed a nameless horror
  3972 | D:3      | Killed a nameless horror
  3975 | D:3      | Shot with a stone by a goblin

Illustrated notes

Levels and vault maps discovered:
D:1:      dpeg_arrival_more_subterranean_lakeside_camping, layout_loops_corners,
          basic_ecumenical_altar, serial_shops, nicolae_shop_trees
D:2:      layout_rooms
D:3:      layout_basic, cheibrodos_worm_habitat, zin_purify,
          nicolae_overflow_hidden_temple, minmay_ruptured, uniq_ijyb

Skill      XL: |  1  2  3 |
---------------+----------+-----
Armour         | 1 |  1.3
Fighting       | 1 |  1.4
Spellcasting   | 4 |  4.1
Dodging        | |  2.9
Stealth        | |  1.5

Action                   |  1- 3 |  4- 6 || total
-------------------------+-------+-------++-------
Melee: Short sword       |   101 |       ||   101
       Unarmed           |     2 |       ||     2
       Dagger            |    14 |    31 ||    45
 Cast: Summon Small Mamm |    10 |       ||    10
       Call Imp          |    23 |     4 ||    27
       Summon Guardian G |     1 |     1 ||     2
       Call Canine Famil |       |     2 ||     2
Evoke: Lightning rod     |     1 |     3 ||     4
 Stab: Sleeping          |     5 |     1 ||     6
Armor: Robe              |    41 |     9 ||    50
Dodge: Dodged            |   116 |    17 ||   133

Table legend: (Time is in decaauts)
 A = Elapsed time spent in this place.
 B = Non-inter-level travel time spent in this place.
 C = Inter-level travel time spent in this place.
 D = Time resting spent in this place.
 E = Time spent auto-exploring this place.
 F = Levels seen in this place.
 G = Mean time per level.
                   A        B        C        D        E       F      G
               +--------+--------+--------+--------+--------+-----+--------+
         Total |   3982 |   3937 |     45 |   1659 |   1634 |   3 | 1327.3 |
       Dungeon |   3982 |   3937 |     45 |   1659 |   1634 |   3 | 1327.3 |
               +--------+--------+--------+--------+--------+-----+--------+

Top non-repeatable levels by time:
     D:1: 2400 daAuts
     D:2: 1007 daAuts
     D:3: 574 daAuts
